 Dungeon Crawl Stone Soup version 0.20-a0-971-g5896763 (webtiles) character file.

155 zhorgal the Slasher (level 5, 0/63 HPs)
             Began as a Barachi Berserker on Apr 8, 2017.
             Was a Believer of Trog.
             Succumbed to a kobold's poison
             ... on level 3 of the Dungeon.
             The game lasted 00:12:39 (2739 turns).

zhorgal the Slasher (Barachi Berserker)             Turns: 2739, Time: 00:12:41

Health: 0/63       AC: 22    Str: 18 (19) XL:     5   Next: 37%
Magic:  5/5        EV:  2    Int:  4 (7)  God:    Trog [**....]
Gold:   274        SH:  0    Dex: 15 (17) Spells: 4/4 levels left

rFire    x . .     SeeInvis +   a - +0 falchion
rCold    + . .     Gourm    .   (no shield)
rNeg     + + +     Faith    .   (armour currently unavailable)
rPois    +         Spirit   .   (helmet currently unavailable)
rElec    .         Reflect  .   (cloak currently unavailable)
rCorr    .         Harm     .   (gloves currently unavailable)
MR       .....     NoTele   +   (boots currently unavailable)
Stlth    ++........             (no amulet)
Regen    0.2/turn               y - ring of ice
MPRegen  0.1/turn               z - ring of see invisible

@: agile, lethally poisoned (0 -> -2), tree-form, very slightly contaminated,
invisible
A: +LOS, swims, (yellow scales 0), deterioration 1, (slowness 0), evolution 1,
subdued magic 1, (strong legs 0)
a: Berserk, Trog's Hand, Burn Spellbooks, Renounce Religion


You were on level 3 of the Dungeon.
You worshipped Trog.
Trog was pleased with you.
You were not hungry.
You were a tree.
You visited 1 branch of the dungeon, and saw 3 of its levels.

You collected 274 gold pieces.

Inventory:

Hand Weapons
 a - a +0 falchion (weapon)
 j - a +0 blowgun
 k - a +1 whip of freezing
 s - a cursed -3 hunting sling
Missiles
 e - 107 stones (quivered)
 l - 44 arrows
 p - 30 poisoned needles
Armour
 n - a +1 pair of gloves (melded)
 w - a +0 cloak (melded)
 A - a +0 chain mail (melded)
Jewellery
 y - a ring of ice (left branch)
 z - a ring of see invisible (right branch)
Wands
 u - a wand of polymorph (22/24)
 B - a wand of flame (22/48)
Scrolls
 b - a scroll of blinking
 g - a scroll of recharging
 m - 3 scrolls of teleportation
Potions
 f - 3 potions of haste
 i - a potion of invisibility
 o - a potion of agility
Comestibles
 c - 3 bread rations
 d - 3 fruits
 q - a chunk of flesh
 x - a meat ration


   Skills:
 - Level 3.9 Fighting
 * Level 6.8 Long Blades
 - Level 2.5 Armour
 - Level 2.3 Dodging


You had 4 spell levels left.
You didn't know any spells.

Dungeon Overview and Level Annotations

Branches:
Dungeon (3/15)

Altars:
Ashenzari
Elyvilon
Gozag
Ru
The Shining One


Innate Abilities, Weirdness & Mutations

Shadows flee at your approach. (+LOS)
You can swim through water.
((You cover ground slowly.))
((You can hop short distances.))
((You are partially covered in yellow scales. (AC +2)))
Your body sometimes deteriorates upon taking damage.
You evolve.
Your spells are a little easier to cast, but a little less powerful.


Message History

You regain control of your magic.
You feel yourself wasting away.
You feel nature experimenting on you.
Don't worry, failures die fast.
Your connection to magic feels subdued.
Yellow scales grow over part of your body.
* * * LOW HITPOINT WARNING * * *
You feel sick.
There is a lethal amount of poison in your body!
Okay, then.
There is a lethal amount of poison in your body!
* * * LOW HITPOINT WARNING * * *
You feel sick.
* * * LOW HITPOINT WARNING * * *
You feel sick.
* * * LOW HITPOINT WARNING * * *
You feel sick.
* * * LOW HITPOINT WARNING * * *
You feel sick.
* * * LOW HITPOINT WARNING * * *
You feel sick.
You die...

###. # .... ### ###.##### ....
#.. ......... .# #.# ########.
###.# .##.####.###############..
..... ....#.P#..................
....# #.#.####..##############.#
....# .#...####..# ##### #..#
....#
.#........♣#####...#####.##
....#..#...#####.......#.......#
....#..#...####..###############
.............#..## ##...## #
###.##.#.....#.# ##.....###
###.##.#.##..#.# #.......#.
..).##.#.##....# #.......#.
.##............# #.......#.
.##............# ##.....###


There were no monsters in sight!

Vanquished Creatures
  Crazy Yiuf (D:2)
  A worker ant (D:3)
  3 adders
  2 worms
  2 dart slugs (D:1)
  A leopard gecko (D:2)
  3 orcs (D:3)
  A ball python (D:2)
  2 giant cockroaches
  7 goblins
  7 hobgoblins
  4 jackals (D:1)
  A quokka (D:2)
  6 bats
  8 frilled lizards
  11 kobolds
  6 rats
66 creatures vanquished.

Notes
Turn   | Place    | Note
-------+----------+-------------------------------------------
     0 | D:1      | zhorgal the Barachi Berserker began the quest for the Orb.
     0 | D:1      | Reached XP level 1. HP: 18/18 MP: 1/1
     1 | D:1      | Noticed a naga
     8 | D:1      | Noticed a vampire
    10 | D:1      | Noticed a minotaur zombie
    16 | D:1      | Noticed an octopode
    18 | D:1      | Noticed a centaur
    18 | D:1      | Noticed a felid
    56 | D:1      | Reached XP level 2. HP: 7/25 MP: 2/2
   399 | D:1      | Reached skill level 4 in Long Blades
   630 | D:1      | Reached XP level 3. HP: 21/30 MP: 3/3
   832 | D:1      | Reached ** piety under Trog
  1004 | D:2      | Found a white marble altar of Elyvilon.
  1005 | D:2      | Found a glowing golden altar of the Shining One.
  1005 | D:2      | Found a shattered altar of Ashenzari.
  1006 | D:2      | Found a sacrificial altar of Ru.
  1080 | D:2      | Reached skill level 5 in Long Blades
  1615 | D:2      | Found a runed door.
  1619 | D:2      | Noticed Crazy Yiuf
  1626 | D:2      | Killed Crazy Yiuf
  1626 | D:2      | Reached XP level 4. HP: 37/37 MP: 4/4
  1948 | D:3      | Reached skill level 6 in Long Blades
  2152 | D:3      | Reached XP level 5. HP: 32/42 MP: 5/5
  2309 | D:3      | Found an opulent altar of Gozag.
  2723 | D:3      | Gained mutation: Your spells are a little harder to cast, but a little more powerful. [potion of mutation]
  2723 | D:3      | Gained mutation: You expend magic power (3 MP) to strengthen your wands. [potion of mutation]
  2723 | D:3      | Gained mutation: Your spells are harder to cast, but more powerful. [potion of mutation]
  2728 | D:3      | Lost mutation: Your spells are harder to cast, but more powerful. [potion of mutation]
  2728 | D:3      | Lost mutation: You expend magic power (3 MP) to strengthen your wands. [potion of mutation]
  2728 | D:3      | Lost mutation: Your spells are a little harder to cast, but a little more powerful. [potion of mutation]
  2728 | D:3      | Gained mutation: Your body sometimes deteriorates upon taking damage. [potion of mutation]
  2728 | D:3      | Gained mutation: You evolve. [potion of mutation]
  2728 | D:3      | Gained mutation: Your spells are a little easier to cast, but a little less powerful. [potion of mutation]
  2728 | D:3      | Gained mutation: You are partially covered in yellow scales. (AC +2) [potion of mutation]
  2729 | D:3      | HP: 3/63 [poisoned by a kobold]
  2735 | D:3      | HP: 1/63 [poisoned by a kobold]
  2739 | D:3      | Succumbed to a kobold's poison

Vault maps used:
D:1:      shiori_arrival_whats_in_store_for_you, minmay_misc_feat_five,
          minmay_misc_feat_secret_circle, minivault_5, minmay_tetromino_t2
D:2:      grunt_temple_overflow_open, serial_aquarium,
          aquarium_bridge_island_small, aquarium_window_double,
          aquarium_window_3, aquarium_window_2, aquarium_view_2c,
          aquarium_view_2d, uniq_crazy_yiuf_cottage
D:3:      kennysheep_six_static_rooms, nicolae_overflow_hidden_temple,
          serial_aquarium, aquarium_bridge_long_separate,
          aquarium_window_corridor_3, aquarium_window_1, aquarium_window_fake,
          aquarium_view_2b, aquarium_view_2c, first_bread, uniq_purgy, uniq_iyjb

Skill      XL: |  1  2  3  4 |
---------------+-------------+-----
Long Blades    | 4 5 6 |  6.8
Fighting       | |  3.9
Armour         | |  2.5
Dodging        | |  2.3

Action                   |  1- 3 |  4- 6 || total
-------------------------+-------+-------++-------
Melee: Falchion          |   109 |    82 ||   191
Throw: Stone             |    89 |    53 ||   142
Invok: Berserk           |     2 |       ||     2
 Abil: Hop               |     1 |       ||     1
  Use: Scroll            |     4 |     5 ||     9
       Potion            |       |     7 ||     7
 Stab: Sleeping          |     1 |       ||     1
  Eat: Chunk             |     4 |     5 ||     9
Armor: Animal skin       |    11 |       ||    11
       Scale mail        |    31 |    15 ||    46
       Chain mail        |       |    20 ||    20
Dodge: Dodged            |    84 |    38 ||   122
       Rpst.: Falchion   |    27 |    10 ||    37
